 Dungeon Crawl Stone Soup version 0.17-a0-18-gc25b939 (webtiles) character file.

1531 Pikaro the Cleaver (level 9, -1/64 HPs)
             Began as a Formicid Abyssal Knight on Mar 12, 2015.
             Was a Believer of Lugonu.
             Slain by an orc warrior (12 damage)
             ... in a bailey.
             The game lasted 00:22:03 (6957 turns).

Pikaro the Cleaver (Formicid Abyssal Knight)        Turns: 6957, Time: 00:22:03

Health: -1/64      AC: 15    Str: 19    XL:     9   Next: 10%
Magic:  0/15       EV:  5    Int:  7    God:    Lugonu [**....]
Gold:   268        SH:  0    Dex: 11    Spells: 0 memorised, 8 levels left

rFire  . . .     SeeInvis +     d - +1 great sword of Triumph {freeze, +Fly rN+ Int-5}
rCold  . . .     Clarity  +     h - +0 plate armour
rNeg   + . .     SustAb   .     (no shield)
rPois  .         Gourm    .     (helmet unavailable)
rElec  .         Spirit   +     e - +0 cloak
rCorr  .         Warding  .     E - +0 pair of gloves
rMut   .         Stasis   +     l - +1 pair of boots
MR     .....                    k - amulet of guardian spirit {Spirit}
Stlth  ..........               (no ring)
                                (no ring)

@: very slightly contaminated, invisible (expiring), not resistant to hostile
enchantments, extremely unstealthy
A: permanent stasis, dig shafts and tunnels, four strong arms, antennae 3,
talons 1, clarity
a: Dig, Shaft Self, Depart the Abyss, Bend Space, Renounce Religion, Evoke
Flight


You were in a bailey.
You worshipped Lugonu.
Lugonu was pleased with you.
You were hungry.

You visited 1 branch of the dungeon, and saw 6 of its levels.
You visited the Abyss 1 time.
You also visited: Sewer and Bailey.

You collected 268 gold pieces.

Inventory:

Hand weapons
 a - a +2 hand axe
 d - the +1 great sword of Triumph (weapon) {freeze, +Fly rN+ Int-5}
   (You found it on level 2 of the Abyss)

   It has been specially enchanted to freeze those struck by it, causing extra
   injury to most foes and up to half again as much damage against particularly
   susceptible opponents.
   It can also slow down cold-blooded creatures.
   It affects your intelligence (-5).
   It protects you from negative energy.
   It lets you fly.
 B - a +1 hand axe of chopping
   (You found it on level 5 of the Dungeon)
Armour
 b - a +0 leather armour
 e - a +0 cloak (worn)
   (You found it on level 1 of the Dungeon)
 h - a +0 plate armour (worn)
   (You found it on level 1 of the Dungeon)
 i - a +0 large shield
   (You found it on level 1 of the Dungeon)
 l - a +1 pair of boots (worn)
   (You found it on level 1 of the Dungeon)
 E - a +0 pair of gloves (worn)
   (You found it on level 5 of the Dungeon)
Jewellery
 k - an amulet of guardian spirit (around neck) {Spirit}
   (You found it on level 1 of the Dungeon)
 o - an uncursed amulet of regeneration {unknown}
   (You found it on level 3 of the Dungeon)
Magical devices
 A - a wand of lightning (7)
   (You found it on level 8 of the Dungeon)
 C - a wand of draining (4)
   (You found it on level 5 of the Dungeon)
Scrolls
 v - 2 scrolls of enchant weapon
 y - a scroll of recharging
 D - a scroll of remove curse
Potions
 m - a potion of lignification {unknown}
 n - 2 potions of ambrosia {unknown}
 s - a potion of cure mutation {!q}
 t - 2 potions of curing
 u - a potion of poison {unknown}
 x - a potion of berserk rage {!q}
Books
 w - a book of Dreams
   (You found it on level 4 of the Dungeon)
Comestibles
 c - 5 bread rations
 f - 3 beef jerkies
 q - 2 meat rations


   Skills:
 - Level 3.2 Fighting
 + Level 10.8 Axes
 - Level 2.1 Armour
 - Level 0.8 Dodging
 - Level 2.1 Invocations


You had 8 spell levels left.
You didn't know any spells.

Dungeon Overview and Level Annotations

Branches:
Dungeon (8/15)
 Temple: D:4-7         Lair: D:8-11

Altars:
Elyvilon
Nemelex Xobeh
Vehumet
Yredelemnul

Annotations:
Abyss:1 Purgy


Innate Abilities, Weirdness & Mutations

You are under a permanent stasis effect.
You can dig through walls and to a lower floor.
Your four strong arms can wield two-handed weapons with a shield.
You have a pair of large antennae on your head (SInv).
You have sharp toenails.
You possess an exceptional clarity of mind.


Message History

You see here a bolt.
You take 12 damage, and have 40/64 hp.
You now have 11/15 mp.
Spoiler Alert: The orc warrior can hit for high damage!
Aim: an orc warrior, wielding an arbalest and wearing a scale mail (chance 62%)
The orc warrior is devoured by a tear in reality.
Lugonu claims a new guest.
You feel somewhat more hungry.
You now have 7/15 mp.
You start resting.
You regained 8 hp, and now have 48/64 hp.
You regained 6 mp, and now have 13/15 mp.
Spoiler Alert: The orc warrior (wandering) can hit for high damage!
Total turns waited: 43
Aim: an orc warrior, wielding an arbalest and wearing a ring mail (hasn't noticed you, chance 62%)
The orc warrior shouts!
The orc warrior resists with significant effort.
You are feeling hungry.
The orc warrior shoots a bolt.
The bolt hits you!!
You take 16 damage, and have 32/64 hp.
MASSIVE DAMAGE!!
You now have 6/15 mp.
Spoiler Alert: The orc warrior can hit for high damage!
Aim: an orc warrior, wielding an arbalest and wearing a ring mail (chance 62%)
The orc warrior resists with significant effort.
You are feeling very hungry.
The orc warrior shoots a bolt.
The bolt hits you.
You take 2 damage, and have 30/64 hp.
You now have 2/15 mp.
You don't have enough magic at the moment.
Spoiler Alert: The orc warrior can hit for high damage!
Drink which item? (? for menu, Esc to quit)
Okay, then.
Read which item? (? for menu, Esc to quit)
Okay, then.
Drink which item? (? for menu, Esc to quit)
It was a potion of invisibility.
You fade into invisibility!
The orc warrior shoots a bolt.
The bolt hits you!
* * * LOW HITPOINT WARNING * * *
You are very lightly contaminated with residual magic.
You take 13 damage, and have 17/64 hp.
MASSIVE DAMAGE!!
Spoiler Alert: The orc warrior can hit for high damage!
Eating a chunk of flesh.
You continue eating.
The orc warrior shoots a bolt.
The bolt hits you but does no damage.
You continue eating.
The orc warrior shoots a bolt.
The bolt hits you but does no damage.
Drink which item? (? for menu, Esc to quit)
You feel better.
The orc warrior shoots a bolt.
You regained 7 hp, and now have 25/64 hp.
Spoiler Alert: The orc warrior can hit for high damage!
Drink which item? (? for menu, Esc to quit)
You feel better.
The orc warrior shoots a bolt.
You regained 8 hp, and now have 33/64 hp.
You flicker for a moment.
You flicker back into view.
Aim: an orc warrior, wielding an arbalest and wearing a ring mail (chance 62%)
The orc warrior is devoured by a tear in reality.
Lugonu claims a new guest.
You are feeling hungry.
You can no longer banish your foes.
You now have 3/15 mp.
You start resting.
Spoiler Alert: The orc warrior (wandering) can hit for high damage!
Total turns waited: 2
Okay, then.
Spoiler Alert: The orc warrior (wandering) can hit for high damage!
Spoiler Alert: The orc warrior (wandering) can hit for high damage!
Drink which item? (? for menu, Esc to quit)
You fade into invisibility!
The orc warrior shouts!
Spoiler Alert: The orc warrior (wandering) can hit for high damage!
The orc warrior shouts!
You see here a bolt.
Spoiler Alert: The orc warrior (wandering) can hit for high damage!
The orc warrior shouts!
Spoiler Alert: The orc warrior (wandering) can hit for high damage!
The orc warrior shouts!
You see here 11 bolts.
Spoiler Alert: The orc warrior (wandering) can hit for high damage!
You closely miss the orc warrior.
The orc warrior shouts!
The orc warrior unwields an uncursed arbalest.
The orc warrior hits you but does no damage.
Spoiler Alert: The orc warrior can hit for high damage!
You slash the orc warrior! You freeze the orc warrior.
The orc warrior hits you but does no damage.
The orc warrior hits you!
You take 9 damage, and have 32/64 hp.
You hit the orc warrior. You freeze the orc warrior. The orc warrior hits you.
You take 5 damage, and have 27/64 hp.
You now have 3/15 mp.
Spoiler Alert: The orc warrior can hit for high damage!
You miss the orc warrior.
You flicker for a moment.
The orc warrior hits you. x2
You take 6 damage, and have 21/64 hp.
You closely miss the orc warrior. The orc warrior hits you!
* * * LOW HITPOINT WARNING * * *
The orc warrior hits you!
You die...

#####################
#∩((.((..............
#.∩..(..()...........
#.....(..(.)........(
#...@o.)...(((....().
#...................(
#.(........((......(.
#.(.....≈≈≈≈≈........
#.(....≈≈#.#≈≈.......
#.(....≈##.##≈.).....
#......≈..^..≈)......
#......≈##.##≈.......
#......≈≈#.#≈≈......#


You could see an orc warrior.

Vanquished Creatures
  3 orc warriors (Bailey)
  The ghost of Ngotmuk the Skirmisher, an average HuFi of Okawaru (D:3)
  An ogre (D:4)
  A giant frog (D:8)
  A water moccasin skeleton (D:5)
  5 wights (D:4)
  A quasit (D:8)
  4 hounds
  4 orc priests
  A giant frog skeleton (D:5)
  5 orc wizards
  A worker ant (D:4)
  5 adders
  2 river rats (D:4)
  6 giant geckos
  An ooze (D:3)
  15 orcs
  9 bats
  A bat skeleton (D:4)
  3 giant cockroaches
  7 hobgoblins
  4 quokkas
  7 giant newts
  8 goblins
  A jackal zombie (D:5)
  7 kobolds
  14 rats
118 creatures vanquished.

Vanquished Creatures (others)
  3 orc warriors (Bailey)
  An adder skeleton (D:4)
4 creatures vanquished.

Grand Total: 122 creatures vanquished

Notes
Turn   | Place    | Note
--------------------------------------------------------------
     0 | Abyss:1  | Pikaro, the Formicid Abyssal Knight, began the quest for the Orb.
     0 | Abyss:1  | Reached XP level 1. HP: 18/18 MP: 1/1
    27 | Abyss:2  | Found a corrupted altar of Lugonu.
    55 | Abyss:2  | Noticed a raiju
    62 | Abyss:2  | Noticed an eye of draining
    65 | Abyss:2  | Noticed a raiju
    65 | Abyss:2  | Got an ebony great sword
    66 | D:1      | Escaped the Abyss
    67 | D:1      | Identified the cursed +1 great sword of Triumph {freeze, +Fly rN+ Int-5} (You found it on level 2 of the Abyss)
   379 | D:1      | Acquired Lugonu's first power
   458 | D:1      | Reached XP level 2. HP: 24/24 MP: 3/3
   686 | D:1      | Reached skill level 3 in Axes
  1011 | D:1      | Reached XP level 3. HP: 18/29 MP: 3/5
  1413 | D:2      | Found a sparkling altar of Nemelex Xobeh.
  1528 | D:2      | HP: 7/29 [poisoned by an adder]
  1535 | D:2      | HP: 6/29 [poisoned by an adder]
  1543 | D:2      | HP: 5/29 [poisoned by an adder]
  1840 | D:2      | Acquired Lugonu's second power
  2214 | D:2      | Reached skill level 4 in Axes
  2214 | D:2      | Reached XP level 4. HP: 33/35 MP: 6/6
  2546 | D:3      | Noticed Ngotmuk's ghost (average HuFi)
  2552 | D:3      | Killed Ngotmuk's ghost
  2552 | D:3      | Reached skill level 5 in Axes
  2552 | D:3      | Reached XP level 5. HP: 41/41 MP: 6/8
  2927 | D:4      | Reached XP level 6. HP: 41/47 MP: 10/10
  2944 | D:4      | Found a radiant altar of Vehumet.
  2979 | D:4      | Reached skill level 6 in Axes
  3121 | D:4      | Found a glowing drain.
  3151 | Sewer    | Entered a sewer
  3301 | Sewer    | Acquired Lugonu's third power
  3315 | Sewer    | Noticed Purgy
  3320 | Sewer    | Banished Purgy
  3320 | Sewer    | Reached skill level 7 in Axes
  3320 | Sewer    | Reached XP level 7. HP: 52/52 MP: 11/11
  4429 | D:4      | Reached skill level 8 in Axes
  4524 | D:5      | Entered Level 5 of the Dungeon
  4596 | D:5      | Found a basalt altar of Yredelemnul.
  4689 | D:5      | Reached XP level 8. HP: 54/58 MP: 10/13
  4706 | D:5      | Reached skill level 9 in Axes
  4916 | D:5      | Gained mutation: You possess an exceptional clarity of mind. [potion of mutation]
  4916 | D:5      | Gained mutation: You have sharp toenails. [potion of mutation]
  5250 | D:5      | You fall through a shaft for 3 floors!
  5250 | D:8      | Found a white marble altar of Elyvilon.
  5494 | D:8      | Found a flagged portal.
  5505 | Bailey   | Entered a bailey
  5865 | Bailey   | Reached skill level 10 in Axes
  6074 | Bailey   | HP: 11/58 [orc warrior (9)]
  6080 | Bailey   | HP: 6/58 [orc warrior (6)]
  6424 | Bailey   | Reached XP level 9. HP: 22/64 MP: 6/15
  6957 | Bailey   | HP: 11/64 [orc warrior (10)]
  6957 | Bailey   | Slain by an orc warrior

Action                   |  1- 3 |  4- 6 |  7- 9 || total
-------------------------+-------+-------+-------++-------
Melee: Great sword       |   191 |   152 |   156 ||   499
       Hand axe          |       |       |    95 ||    95
Invok: Depart the Abyss  |     1 |       |       ||     1
       Banish            |       |       |     6 ||     6
  Use: Scroll            |     6 |     4 |     6 ||    16
       Potion            |       |       |    12 ||    12
  Eat: Chunk             |     5 |     4 |    13 ||    22

Vault maps used:
D:1:      ncdulo_smallfort
D:2:      nemelex_xobeh_ov_fountains_minmay
D:3:      minmay_misc_feat_more_columns
D:4:      fiery_altar_vehumet, portal_sewer_entry_a
D:5:      lemuel_doored_altar, first_bread
D:8:      nicolae_overflow_hidden_temple, elyvilon_altar_5, enter_bailey_8,
          grunt_pizzeria
Abyss:2:  hangedman_abyss_or_decor_passed
Sewer:    sewer_big_baddie
Bailey:   bailey_polearm_2, bailey

Table legend:
 A = Turns spent in this place as a percentage of turns spent in the entire game.
 B = Non-inter-level travel turns spent in this place as a percentage of non-inter-level travel turns spent in the entire game.
 C = Inter-level travel turns spent in this place as a percentage of turns spent in this place.
 D = Turns resting spent in this place as a percentage of non-inter-level travel turns spent in this place.
 E = Turns spent auto-exploring this place as a percentage of non-inter-level travel turns spent in this place.
 F = Non-inter-level travel turns spent in this place divided by the number of levels of this place that you've seen.
                   A       B       C       D       E      F
               +-------+-------+-------+-------+-------+----------------------
         Total | 100.0 | 100.0 |   0.2 |   4.4 |   6.7 | 226.5
       Dungeon |  68.9 |  68.9 |   0.3 |   4.2 |   8.5 | 260.0
         Abyss |   3.3 |   3.4 |   0.0 |   0.0 |   0.0 |  38.0
         Sewer |   4.4 |   4.4 |   0.0 |   2.0 |   2.0 |  99.0
        Bailey |  23.3 |  23.4 |   0.0 |   5.8 |   3.2 | 530.0
               +-------+-------+-------+-------+-------+----------------------

Table legend:
 A = Kills in this place as a percentage of kills in entire the game.
 B = Kills by you in this place as a percentage of kills by you in the entire game.
 C = Kills by friends in this place as a percentage of kills by friends in the entire game.
 D = Other kills in this place as a percentage of other kills in the entire game.
 E = Experience gained in this place as a percentage of experience gained in the entire game.
 F = Experience gained in this place divided by the number of levels of this place that you have seen.
                   A       B       C       D       E      F
               +-------+-------+-------+-------+-------+----------------------
         Total | 100.0 | 100.0 |  -nan | 100.0 | 100.0 | 218.8
       Dungeon |  84.4 |  87.3 |  -nan |   0.0 |  69.0 | 251.7
         Sewer |   4.9 |   4.2 |  -nan |  25.0 |   3.4 |  75.0
        Bailey |  10.7 |   8.5 |  -nan |  75.0 |  27.6 | 603.0
               +-------+-------+-------+-------+-------+----------------------
